 Dungeon Crawl Stone Soup version 0.32-a0-834-geaf45d8e21 (webtiles) character file.

Game seed: 7376518459255282393

144 Xavori the Trooper (level 5, -7/40 HPs)
             Began as a Djinni Chaos Knight on Mar 26, 2024.
             Was a Plaything of Xom.
             Mangled by an ogre
             ... wielding a +2 giant spiked club of chaos
              (12 damage)
             ... on level 4 of the Dungeon.
             The game lasted 00:02:13 (2461 turns).

Xavori the Trooper (Djinni Chaos Knight)            Turns: 2461, Time: 00:02:14

Health: -7/40      AC:  8    Str: 13    XL:     5   Next: 51%
Gold:   115        EV: 12    Int: 10    God:    Xom [......] SH:  0 Dex: 22

rFire   + + .        a - +0 falchion (chaos)
rCold   x . .        (no shield)
rNeg    . . .        b - +2 leather armour
rPois   ∞            (no helmet)
rElec   .            n - +0 cloak
rCorr   .            (no gloves)
SInv    .            (boots unavailable)
Will    .....        (no amulet)
Stlth   ++           l - ring of wizardry
HPRegen 0.26/turn    (no ring)
MPRegen 0.00/turn

%: clarity, wizardry (x1), infuse magic (-8 HP)
@: flying
A: sickness immunity, fire resistance 2, cold vulnerability 1, float, innate
caster, HP casting, extra vitality 1, iridescent scales 1, agile 2, clarity,
strong 1
a: Renounce Religion


You were on level 4 of the Dungeon.
You worshipped Xom.
You were a very special plaything of Xom.
You visited 1 branch of the dungeon, and saw 4 of its levels.

You collected 115 gold pieces.

Inventory:

Hand Weapons
 a - a +0 falchion of chaos (weapon)
Armour
 b - a +2 leather armour (worn)
 n - a +0 cloak (worn)
Jewellery
 l - a ring of wizardry (left hand)
Scrolls
 c - a scroll of butterflies
 d - 3 scrolls of teleportation
 e - 2 scrolls of fog {unknown}
 g - a scroll of identify
 h - a scroll of noise {unknown}
 k - 2 scrolls of summoning
 p - a scroll of acquirement {unknown}
 r - a scroll of vulnerability {unknown}
 s - a scroll of silence {unknown}
Potions
 f - a potion of mutation {unknown}
 i - a potion of ambrosia {unknown}
 j - 2 potions of curing {unknown}
 m - a potion of might {unknown}
 o - a potion of brilliance {unknown}
 q - 3 potions of heal wounds {unknown}


   Skills:
 + Level 3.5 Fighting
 + Level 3.2 Long Blades
 + Level 2.0 Armour
 + Level 3.0 Dodging
 * Level 2.0 Spellcasting
 * Level 2.0 Conjurations
 * Level 2.0 Hexes
   Level 0.0 Charms
 * Level 2.0 Summonings
 * Level 2.0 Necromancy
 * Level 2.0 Translocations
   Level 0.0 Transmutations
 * Level 2.0 Fire Magic
 * Level 2.0 Ice Magic
 * Level 2.0 Air Magic
 * Level 2.0 Earth Magic
 * Level 2.0 Alchemy


You knew the following spells:

 Your Spells              Type           Power      Damage    Failure   Level
a - Sandblast             Erth           10%        2d5       7%          1
b - Ensorcelled Hibernat  Hex/Ice        10%        N/A       11%         2
Your spell library was empty.

Dungeon Overview and Level Annotations

Branches:
Dungeon (4/15)             Temple (0/1) D:4

Altars:
Fedhas


Innate Abilities, Weirdness & Mutations

You are immune to sickness and miasma.
You are immune to poison.
Your flesh is very heat resistant. (rF++)
You are vulnerable to cold. (rC-)
You float through the air rather than walking.
You learn spells naturally, not from books.
Your magical power is your life essence.
You have superior vitality. (+4 MHP)
You are partially covered in iridescent scales. (AC +2)
You are very agile. (Dex +8, Str/Int -2)
You possess an exceptional clarity of mind.
Your muscles are strong. (Str +4, Int/Dex -1)


Message History

Aiming: Ensorcelled Hibernation (safe; 11% risk of failure)
Press: ? - help, Shift-Dir - straight line, f/p - ogre
Aim: an ogre, wielding a +0 giant spiked club (lightly wounded, chance to affect: 38%)
The kobold looks drowsy...
Casting: Ensorcelled Hibernation (safe; 11% risk of failure)
Confirm with . or Enter, or press ? or * to list all spells.
Aiming: Ensorcelled Hibernation (safe; 11% risk of failure)
Press: ? - help, Shift-Dir - straight line, f/p - ogre
Aim: an ogre, wielding a +0 giant spiked club (lightly wounded, chance to affect: 38%)
The ogre looks drowsy...
Casting: Ensorcelled Hibernation (safe; 11% risk of failure)
Confirm with . or Enter, or press ? or * to list all spells.
Aiming: Sandblast (safe; 7% risk of failure)
Press: ? - help, Shift-Dir - straight line, f/p - ogre
Aim: an ogre, wielding a +0 giant spiked club (lightly wounded, asleep, 100% to hit)
The blast of sand hits the ogre.
The ogre is moderately wounded.
The ogre shouts! "Have a taste of chaos, mortal."
The ogre's +0 giant spiked club erupts in a glittering mayhem of colour.
You are now a very special plaything of Xom.
The kobold shouts!
The kobold throws a stone.
The stone hits you but does no damage.
You hit the ogre. You freeze the ogre.
The ogre is heavily wounded.
The ogre barely misses you.
You hit the ogre.
The ogre suddenly stops moving!
The ogre is severely wounded.
The helpless ogre fails to defend itself.
You slash the ogre!
The ogre is almost dead.
The ogre is no longer paralysed.
The ogre misses you.
You barely miss the ogre.
The ogre is almost dead.
The ogre hits you with a +2 giant spiked club of chaos!!
Ouch! That really hurt!
* * * LOW HITPOINT WARNING * * *
A shower of butterflies erupts from you!
The ogre freezes you!
You die...

#..........#
#..........#
#...(......#
#..........#
#..........# ≈#
#..........# ##.
####..........# #...
#.b.b.........# ..=..
##b@..........#
......##O###..#######
......'.K####.##
......'...###..#
#########....^.#
.............#
....####.###..# ...
#.###.#### ....
##.).......


You could see an ogre (ally target) and a kobold.

Vanquished Creatures
  A hound (D:4)
  4 adders
  A dart slug (D:1)
  9 orcs
  6 ball pythons
  3 endoplasms
  A giant cockroach (D:3)
  5 goblins
  5 hobgoblins
  9 jackals
  A quokka (D:2)
  4 bats
  7 frilled lizards
  A kobold (D:4)
  7 rats
64 creatures vanquished.

Notes
Turn   | Place    | Note
-------+----------+-------------------------------------------
     0 | D:1      | Xavori the Djinni Chaos Knight began the quest for the Orb.
     0 | D:1      | Reached XP level 1. HP: 20/20 MP: 0/0
   189 | D:1      | XOM: divination: magic mapping
   253 | D:1      | Reached XP level 2. HP: 21/25 MP: 0/0
   263 | D:1      | XOM: polymorph jackal -> frilled lizard
   306 | D:1      | XOM: scenery: 1 doors open
   920 | D:1      | XOM: god gift: leather armour {god gift}
   966 | D:1      | XOM: give mutations
   966 | D:1      | Gained mutation: Your muscles are strong. (Str +4, Int/Dex
                  | -1) [Xom's grace]
   966 | D:1      | Gained mutation: You possess an exceptional clarity of
                  | mind. [Xom's grace]
   966 | D:1      | Gained mutation: You are agile. (Dex +4, Str/Int -1) [Xom's
                  | grace]
  1084 | D:1      | XOM: give mutation
  1084 | D:1      | Gained mutation: You are partially covered in iridescent
                  | scales. (AC +2) [Xom's grace]
  1095 | D:1      | XOM: god gift: javelin
  1096 | D:1      | XOM: 3-stop teleportation journey
  1153 | D:2      | Reached XP level 3. HP: 30/30 MP: 0/0
  1153 | D:2      | Learned a level 1 spell: Sandblast
  1164 | D:2      | Reached skill level 1 in Spellcasting
  1164 | D:2      | Reached skill level 1 in Conjurations
  1164 | D:2      | Reached skill level 1 in Hexes
  1164 | D:2      | Reached skill level 1 in Summonings
  1164 | D:2      | Reached skill level 1 in Necromancy
  1164 | D:2      | Reached skill level 1 in Translocations
  1164 | D:2      | Reached skill level 1 in Fire Magic
  1164 | D:2      | Reached skill level 1 in Ice Magic
  1164 | D:2      | Reached skill level 1 in Air Magic
  1164 | D:2      | Reached skill level 1 in Earth Magic
  1164 | D:2      | Reached skill level 1 in Alchemy
  1243 | D:2      | XOM: polymorph quokka -> orc
  1391 | D:2      | XOM: give mutation
  1391 | D:2      | Gained mutation: You are very agile. (Dex +8, Str/Int -2)
                  | [Xom's grace]
  1504 | D:2      | Reached XP level 4. HP: 35/35 MP: 0/0
  1605 | D:3      | XOM: 2-stop teleportation journey
  1884 | D:3      | XOM: cloud trail
  1958 | D:3      | XOM: blink monster(s)
  1988 | D:3      | Reached XP level 5. HP: 38/40 MP: 0/0
  1988 | D:3      | Learned a level 2 spell: Ensorcelled Hibernation
  2090 | D:3      | Found a blossoming altar of Fedhas.
  2351 | D:4      | Found a staircase to the Ecumenical Temple.
  2354 | D:4      | XOM: potion effect (brilliance)
  2356 | D:4      | XOM: 1-stop teleportation journey
  2424 | D:4      | XOM: 2-stop teleportation journey
  2450 | D:4      | Noticed an ogre
  2457 | D:4      | XOM: chaos upgrade
  2461 | D:4      | XOM: butterfly on damage
  2461 | D:4      | Mangled by an ogre

Illustrated notes

Levels and vault maps discovered:
D:1:      roderic_octagonal_star, layout_loops_corners
D:2:      layout_rooms, amcnicky_mini_rare_corridor_liquid
D:3:      layout_loops_ring, mainiacjoe_overflow_alcove_4,
          amcnicky_mini_pool_small, amcnicky_mini_corridor_feature
D:4:      layout_rooms, nicolae_hepliaklqana_hippocampus, tso_metal_star,
          temple_green, serial_library_hellmonk_layered_room,
          kennysheep_opposing_triangles

Skill      XL: |  1  2  3  4  5 |
---------------+----------------+-----
Spellcasting   | 1 2 |  2.0
Conjurations   | 1 2 |  2.0
Hexes          | 1 2 |  2.0
Summonings     | 1 2 |  2.0
Necromancy     | 1 2 |  2.0
Translocations | 1 2 |  2.0
Fire Magic     | 1 2 |  2.0
Ice Magic      | 1 2 |  2.0
Air Magic      | 1 2 |  2.0
Earth Magic    | 1 2 |  2.0
Alchemy        | 1 2 |  2.0
Long Blades    | 3 |  3.2
Armour         | 2 |  2.0
Dodging        | 3 |  3.0
Fighting       | |  3.5

Action                     |  1- 3 |  4- 6 || total
---------------------------+-------+-------++-------
  Melee: Falchion          |   108 |    82 ||   190
   Cast: Sandblast         |       |     3 ||     3
         Ensorcelled Hiber |       |     2 ||     2
    Use: Scroll            |       |     2 ||     2
   Stab: Sleeping          |     2 |     2 ||     4
         Paralysed         |       |     1 ||     1
 Armour: Leather armour    |    73 |    52 ||   125
  Dodge: Dodged            |    75 |    48 ||   123

Table legend: (Time is in decaauts)
 A = Elapsed time spent in this place.
 B = Non-inter-level travel time spent in this place.
 C = Inter-level travel time spent in this place.
 D = Time resting spent in this place.
 E = Time spent auto-exploring this place.
 F = Levels seen in this place.
 G = Mean time per level.
                   A        B        C        D        E       F      G
               +--------+--------+--------+--------+--------+-----+--------+
         Total |   2491 |   2340 |    151 |     45 |   1827 |   4 |  622.8 |
       Dungeon |   2491 |   2340 |    151 |     45 |   1827 |   4 |  622.8 |
               +--------+--------+--------+--------+--------+-----+--------+

Top non-repeatable levels by time:
     D:1: 1133 daAuts
     D:3: 758 daAuts
     D:2: 460 daAuts
     D:4: 137 daAuts
